 Dungeon Crawl Stone Soup version 0.32-a0-981-g384da2ce10 (webtiles) character file.

Game seed: 9014757014596733892

19 Chago123 the Chopper (level 2, -2/22 HPs)
             Began as a Coglin Gladiator on Apr 20, 2024.
             Frozen to death by an endoplasm (5 damage)
             ... on level 1 of the Dungeon.
             The game lasted 00:00:56 (230 turns).

Chago123 the Chopper (Coglin Gladiator)              Turns: 230, Time: 00:00:57

Health: -2/22      AC:  4    Str: 14    XL:     2   Next: 75%
Magic:  2/2        EV: 11    Int:  7    God:
Gold:   26         SH:  0    Dex: 15    Spells: 1/1 levels left

rFire   . . .        a - +0 war axe {Hajoon}
rCold   . . .        f - +0 dagger {Yan}
rNeg    . . .        b - +0 leather armour
rPois   .            c - +0 helmet
rElec   .            (no cloak)
rCorr   .            (no gloves)
SInv    .            (no boots)
Will    .....        (amulet unavailable)
Stlth   +            (ring unavailable)
HPRegen 0.23/turn    (ring unavailable)
MPRegen 0.08/turn    (no gizmo)

%: no passive effects
@: revved
A: off-hand wielding, slow wielding, warmup strikes, no jewellery
a: Invent Gizmo


You were on level 1 of the Dungeon.
You visited 1 branch of the dungeon, and saw 1 of its levels.

You collected 26 gold pieces.

Inventory:

Hand Weapons
 a - a +0 war axe (weapon) {Hajoon}
 f - a +0 dagger (offhand) {Yan}
Missiles
 d - 3 throwing nets (quivered)
 e - a javelin
Armour
 b - a +0 leather armour (worn)
 c - a +0 helmet (worn)


   Skills:
 + Level 2.1 Fighting
 + Level 3.3 Axes
 + Level 1.7 Throwing
 + Level 3.1 Dodging
 + Level 0.1 Stealth


You had one spell level left.
You didn't know any spells.
Your spell library was empty.

Dungeon Overview and Level Annotations

Branches:
Dungeon (1/15)

Altars:


Innate Abilities, Weirdness & Mutations

You can wield a second weapon in your off-hand.
It takes a long time for you to wield or remove held weapons.
Your first few attacks do less damage.
You cannot equip rings or amulets.


Message History

The endoplasm quivers.
The endoplasm jiggles.
There is an open door here.
An endoplasm comes into view.
The endoplasm quivers. x2
The endoplasm completely misses you.
You hit the endoplasm but do no damage.
You barely miss the endoplasm with your +0 war axe.
The endoplasm closely misses you.
You hit the endoplasm but do no damage.
You hit the endoplasm with your +0 war axe.
The endoplasm freezes you.
You are frozen.
You hit the endoplasm but do no damage.
The endoplasm is heavily wounded.
You barely miss the endoplasm with your +0 war axe.
You hit the endoplasm with your +0 dagger.
The endoplasm hits you. The endoplasm freezes you.
You are frozen.
The endoplasm freezes you.
You are frozen.
The endoplasm barely misses you. The endoplasm freezes you.
You are frozen.
You are too injured to fight recklessly!
Unknown command.
You hit the endoplasm with your +0 dagger.
You kill the endoplasm!
You hit the endoplasm with your +0 war axe.
You kill the endoplasm!
You hit the endoplasm with your +0 war axe.
The endoplasm freezes you.
You are frozen.
* * * LOW HITPOINT WARNING * * *
Unknown command.
You barely miss the endoplasm with your +0 war axe.
The endoplasm is heavily wounded.
You completely miss the endoplasm with your +0 dagger.
The endoplasm freezes you.
You are frozen.
You die...

#####.##.#
#.##.# #....#
###.####
#######...#
#.......###
#..####'##
##ß.ß##
#..@..#
#ß...J.ß#
#.........#
#ß.........ß#
+.....|.....+
#ß.........ß#
##.........##
##ß.....ß##


You could see an endoplasm.

Vanquished Creatures
  2 dart slugs (D:1)
  A ball python (D:1)
  A bat (D:1)
  4 endoplasms (D:1)
  A giant cockroach (D:1)
  2 goblins (D:1)
  A kobold (D:1)
  2 rats (D:1)
14 creatures vanquished.

Notes
Turn   | Place    | Note
-------+----------+-------------------------------------------
     0 | D:1      | Chago123 the Coglin Gladiator began the quest for the Orb.
     0 | D:1      | Reached XP level 1. HP: 16/16 MP: 1/1
    83 | D:1      | Found a faded altar of an unknown god.
   134 | D:1      | Reached XP level 2. HP: 20/22 MP: 2/2
   230 | D:1      | Frozen to death by an endoplasm

Illustrated notes

Levels and vault maps discovered:
D:1:      dpeg_arrival_three_same_balls, layout_basic,
          shapermc_ecumenical_altar_petra, dk_noncrumbling_4

Skill      XL: |  1 |
---------------+----+-----
Dodging        | 3 |  3.1
Fighting       | |  2.1
Axes           | |  3.3
Throwing       | |  1.7
Stealth        | |  0.1

Action                     || total
---------------------------++-------
  Melee: War axe           ||    16
         Dagger            ||    15
   Stab: Sleeping          ||     1
 Armour: Leather armour    ||     8
  Dodge: Dodged            ||    16

Table legend: (Time is in decaauts)
 A = Elapsed time spent in this place.
 B = Non-inter-level travel time spent in this place.
 C = Inter-level travel time spent in this place.
 D = Time resting spent in this place.
 E = Time spent auto-exploring this place.
 F = Levels seen in this place.
 G = Mean time per level.
                   A        B        C        D        E       F      G
               +--------+--------+--------+--------+--------+-----+--------+
         Total |    233 |    233 |      0 |      0 |    179 |   1 |  233.0 |
       Dungeon |    233 |    233 |      0 |      0 |    179 |   1 |  233.0 |
               +--------+--------+--------+--------+--------+-----+--------+

Top non-repeatable levels by time:
     D:1: 233 daAuts
